 Dungeon Crawl Stone Soup version 0.23.2-1-ga50397a (webtiles) character file.

Game seed: 8538754144576410457

14102 myga the Impaler (level 11, -7/99 HPs)
             Began as a Minotaur Monk on Apr 29, 2019.
             Was the Champion of Okawaru.
             Killed from afar by a wizard (58 damage)
             ... with a crystal spear
             ... on level 10 of the Dungeon.
             The game lasted 00:43:52 (9654 turns).

myga the Impaler (Minotaur Monk)                    Turns: 9654, Time: 00:43:53

Health: -7/99      AC: 25    Str: 18    XL:     11   Next: 84%
Magic:  12/12      EV:  8    Int:  7    God:    Okawaru [******]
Gold:   642        SH:  0    Dex: 14    Spells: 10/10 levels left

rFire    + + .     SeeInvis .   B - +5 bardiche (protect)
rCold    + . .     Gourm    .   (shield currently unavailable)
rNeg     + + .     Faith    .   I - +3 plate armour {rF+}
rPois    .         Spirit   .   (helmet restricted)
rElec    +         Reflect  .   v - scarf {repulsion}
rCorr    .         Harm     +   L - +0 pair of gloves "Uxovvesig" {rElec rF+ rC+ rN+}
MR       .....                  (no boots)
Stlth    ..........             t - amulet of harm
HPRegen  0.26/turn              J - ring of positive energy
MPRegen  0.13/turn              e - +3 ring of slaying

@: protection aura, slowed, repel missiles, very slow
A: retaliatory headbutt, horns 2
a: Heroism, Finesse, Renounce Religion


You were on level 10 of the Dungeon.
You worshipped Okawaru.
Okawaru was exalted by your worship.
You were not hungry.

You visited 1 branch of the dungeon, and saw 10 of its levels.
You also visited: Sewer.

You collected 642 gold pieces.

Inventory:

Hand Weapons
 B - a +5 bardiche of protection (weapon)
Missiles
 d - 329 stones (quivered)
 k - 3 throwing nets
 N - 8 needles of confusion
Armour
 i - a +0 buckler
 v - a scarf of repulsion (worn)
 y - +0 acid dragon scales
 I - a +3 plate armour of fire resistance (worn)
 L - the +0 pair of gloves "Uxovvesig" (worn) {rElec rF+ rC+ rN+}
   (Okawaru gifted it to you on level 10 of the Dungeon)

   It protects you from fire.
   It protects you from cold.
   It insulates you from electricity.
   It protects you from negative energy.
 M - the +3 warlock's mirror {reflect}
   (You found it on level 10 of the Dungeon)
Jewellery
 e - a +3 ring of slaying (right hand)
 t - an amulet of harm (around neck)
 C - an uncursed ring of ice
 J - a ring of positive energy (left hand)
Wands
 n - a wand of enslavement (7)
 s - a wand of random effects (9)
 w - a wand of digging (6)
 D - a wand of acid (3)
 K - a wand of scattershot (5)
Scrolls
 b - 3 scrolls of magic mapping
 f - 3 scrolls of teleportation
 g - 3 scrolls of immolation
 h - a scroll of fear
 l - 4 scrolls of fog
 o - 2 scrolls of enchant weapon
 r - 2 scrolls of remove curse
 u - a scroll of brand weapon {unknown}
 G - a scroll of acquirement {unknown}
 O - a scroll of vulnerability {unknown}
Potions
 a - 5 potions of curing
 j - a potion of invisibility
 m - 2 potions of heal wounds
 p - 2 potions of agility
 q - 7 potions of flight
 x - a potion of ambrosia
 z - 3 potions of haste
 A - a potion of berserk rage
 E - 3 potions of resistance
 F - a potion of cancellation
 H - a potion of mutation {unknown}
Comestibles
 c - 17 rations
 P - 5 chunks of flesh


   Skills:
 + Level 10.0 Fighting
 + Level 16.4 Polearms
 + Level 1.8 Throwing
 + Level 9.1 Armour
 + Level 5.6 Dodging
 + Level 3.2 Stealth
 + Level 1.5 Shields
 + Level 3.0 Invocations


You had 10 spell levels left.
You didn't know any spells.
Your spell library contained the following spells:

 Spells                   Type           Power        Failure   Level  Hunger
 Animate Skeleton         Necr           N/A          100%        1    ##.....
 Apportation              Tloc           #.....       100%        1    ##.....
 Confusing Touch          Hex            #.....       100%        1    ##.....
 Summon Small Mammal      Summ           #...         100%        1    ##.....


Dungeon Overview and Level Annotations

Branches:
Dungeon (10/15)            Temple (0/1) D:4            Lair (0/6) D:8
    Orc: D:9-12

Altars:
Cheibriados
Dithmenos
Kikubaaqudgha
Okawaru
Qazlal
Ru


Innate Abilities, Weirdness & Mutations

You reflexively headbutt those who attack you in melee.
You have a pair of horns on your head.


Message History

The crystal spear is repelled.
The wizard casts a spell at you. The bolt of cold hits you!! You resist.
Throwing (i - inventory. (/) - cycle)
d - 330 stones (quivered)
Press: ? - help, Shift-Dir - straight line, f/p - wizard
Aim: a wizard, wielding a +0 dagger and wearing a +0 robe (lightly wounded)
You throw a stone. The stone closely misses the wizard.
Attack whom?
Press: ? - help, Dir - move target cursor, f/p - wizard
Aim: a wizard, wielding a +0 dagger and wearing a +0 robe (lightly wounded)
You reach to attack!
You slash the wizard!
Your weapon exudes an aura of protection.
The wizard is moderately wounded.
The wizard hits you but does no damage.
You closely miss the wizard.
The wizard is moderately wounded.
The wizard points at you and mumbles some strange words.
The crystal spear hits you!!!
Ouch! That really hurt!
You die...

#..###.# #..##..#
##..#..## ##.....##
#..#...# # ##.##.#.# #
############..##.#.###
#.(..)................
#.##.@)......)........
##p................
##(...............
##(....?.........
#.(((....##......
#......(.##.)..§..
........##.).§....
...(.##....(....
######...)##....


You could see a wizard.

Vanquished Creatures
  Harold (D:10)
  10 wizards (D:10)
  Joseph (D:7)
  A centaur zombie (D:10)
  A komodo dragon (D:8)
  A troll (D:9)
  3 hippogriffs
  2 slime creatures (D:9)
  9 yaks (D:9)
  Sigmund (D:3)
  A steam dragon (D:9)
  Eustachio (D:6)
  Menkaure (D:7)
  An acid dragon (D:6)
  Duvessa (D:7)
  3 ice beasts
  2 orc warriors
  5 sky beasts
  2 ogres
  3 phantoms
  A necrophage (D:7)
  5 centaurs
  A crocodile (D:10)
  A big kobold (D:8)
  2 bullfrogs (D:10)
  A wyvern skeleton (D:6)
  2 scorpions
  Dowan (D:7)
  6 killer bees (D:10)
  3 wights (D:6)
  3 crimson imps
  A bullfrog zombie (D:8)
  A quasit (D:9)
  3 hounds
  4 orc priests
  4 jellies
  An iron imp (D:5)
  Terence (D:3)
  9 iguanas
  8 orc wizards
  7 worker ants
  A killer bee zombie (D:6)
  A worker ant zombie (D:8)
  Robin (D:3)
  A gnoll (D:8)
  A howler monkey skeleton (D:4)
  15 adders
  3 shadow imps
  3 oozes
  2 adder skeletons (D:4)
  3 worms
  6 leopard geckos
  15 orcs
  14 bats
  3 bat zombies (D:4)
  6 giant cockroaches
  11 hobgoblins
  8 jackals
  A quokka (D:3)
  4 ball pythons
  6 frilled lizards
  A giant cockroach zombie (D:5)
  12 goblins
  13 kobolds
  7 rats
253 creatures vanquished.

Vanquished Creatures (others)
  A plant (D:8)
1 creature vanquished.

Grand Total: 254 creatures vanquished

Notes
Turn   | Place    | Note
-------+----------+-------------------------------------------
     0 | D:1      | myga the Minotaur Monk began the quest for the Orb.
     0 | D:1      | Reached XP level 1. HP: 19/19 MP: 0/0
   175 | D:1      | Reached skill level 4 in Polearms
   274 | D:1      | Reached XP level 2. HP: 27/27 MP: 1/1
   762 | D:2      | Reached XP level 3. HP: 33/33 MP: 2/2
   828 | D:2      | Found a faded altar of an unknown god.
  1128 | D:2      | Found a shadowy altar of Dithmenos.
  1563 | D:3      | Found a glowing drain.
  1582 | D:3      | Reached XP level 4. HP: 40/40 MP: 3/3
  1599 | Sewer    | Entered a sewer
  1650 | Sewer    | Reached skill level 5 in Polearms
  2014 | D:2      | Became a worshipper of Warmaster Okawaru
  2014 | D:2      | Reached * piety under Okawaru
  2014 | D:2      | Reached ** piety under Okawaru
  2136 | D:3      | Reached skill level 1 in Armour
  2291 | D:3      | Noticed Sigmund
  2305 | D:3      | Killed Sigmund
  2305 | D:3      | Reached *** piety under Okawaru
  2305 | D:3      | Reached skill level 6 in Polearms
  2305 | D:3      | Reached XP level 5. HP: 47/47 MP: 1/4
  2305 | D:3      | Reached XP level 6. HP: 53/53 MP: 1/5
  2367 | D:3      | Noticed Terence
  2373 | D:3      | Killed Terence
  2534 | D:3      | Noticed Robin
  2542 | D:3      | Killed Robin
  2542 | D:3      | Reached skill level 1 in Shields
  2782 | D:4      | Found an ancient bone altar of Kikubaaqudgha.
  3138 | D:4      | Noticed an ice beast
  3143 | D:4      | Killed an ice beast
  3143 | D:4      | Reached **** piety under Okawaru
  3143 | D:4      | Reached skill level 7 in Polearms
  3143 | D:4      | Reached XP level 7. HP: 30/60 MP: 6/6
  3397 | D:4      | Reached skill level 5 in Fighting
  3629 | D:4      | Found a staircase to the Ecumenical Temple.
  3911 | D:5      | Entered Level 5 of the Dungeon
  4141 | D:5      | Found a snail-covered altar of Cheibriados.
  4197 | D:5      | Reached skill level 8 in Polearms
  4807 | D:6      | Reached XP level 8. HP: 67/69 MP: 7/7
  5318 | D:6      | Reached skill level 9 in Polearms
  5323 | D:6      | Reached ***** piety under Okawaru
  5419 | D:6      | Noticed Eustachio
  5424 | D:6      | Killed Eustachio
  5424 | D:6      | Reached skill level 5 in Armour
  5627 | D:6      | Reached skill level 10 in Polearms
  5627 | D:6      | Reached skill level 1 in Throwing
  6174 | D:7      | Noticed Menkaure
  6177 | D:7      | Killed Menkaure
  6177 | D:7      | Reached XP level 9. HP: 79/79 MP: 8/8
  6213 | D:7      | Found a sacrificial altar of Ru.
  6234 | D:7      | Received a gift from Okawaru
  6286 | D:7      | Noticed Duvessa
  6286 | D:7      | Noticed Dowan
  6288 | D:7      | Killed Dowan
  6292 | D:7      | Killed Duvessa
  6292 | D:7      | Reached skill level 11 in Polearms
  6488 | D:7      | Reached skill level 1 in Invocations
  6530 | D:7      | Reached skill level 5 in Dodging
  6778 | D:7      | Noticed Joseph
  6788 | D:7      | Killed Joseph
  6839 | D:8      | Reached skill level 12 in Polearms
  7057 | D:8      | Found a staircase to the Lair.
  7058 | D:8      | Noticed a komodo dragon
  7068 | D:8      | Killed a komodo dragon
  7068 | D:8      | Received a gift from Okawaru
  7214 | D:8      | Reached XP level 10. HP: 88/88 MP: 10/10
  7275 | D:8      | Found an iron altar of Okawaru.
  7497 | D:9      | Reached skill level 13 in Polearms
  7675 | D:9      | Reached skill level 14 in Polearms
  8343 | D:10     | Entered Level 10 of the Dungeon
  8366 | D:10     | Noticed a wizard
  8372 | D:10     | Noticed Harold
  8392 | D:10     | Killed Harold
  8392 | D:10     | Reached XP level 11. HP: 25/97 MP: 4/11
  8397 | D:10     | Killed a wizard
  8397 | D:10     | Reached skill level 15 in Polearms
  8399 | D:10     | Noticed a wizard
  8405 | D:10     | Killed a wizard
  8407 | D:10     | Noticed a wizard
  8412 | D:10     | Killed a wizard
  8689 | D:10     | Noticed a wizard
  8691 | D:10     | Noticed a wizard
  8691 | D:10     | Killed a wizard
  8691 | D:10     | Reached ****** piety under Okawaru
  8691 | D:10     | Received a gift from Okawaru
  8696 | D:10     | Noticed a wizard
  8698 | D:10     | Killed a wizard
  8707 | D:10     | Killed a wizard
  8863 | D:10     | Found the +3 warlock's mirror {reflect}
  8863 | D:10     | Noticed a wizard
  8864 | D:10     | Noticed a wizard
  8873 | D:10     | Killed a wizard
  8873 | D:10     | Received a gift from Okawaru
  8878 | D:10     | Got a pair of smoking gloves {god gift}
  8880 | D:10     | Killed a wizard
  8880 | D:10     | Reached skill level 16 in Polearms
  9146 | D:10     | Identified the +0 pair of gloves "Uxovvesig" {rElec rF+ rC+
                  | rN+} (Okawaru gifted it to you on level 10 of the Dungeon)
  9269 | D:10     | Found a stormy altar of Qazlal.
  9631 | D:10     | Noticed a wizard
  9635 | D:10     | Noticed a wizard
  9637 | D:10     | Killed a wizard
  9649 | D:10     | Killed a wizard
  9649 | D:10     | Reached skill level 10 in Fighting
  9649 | D:10     | Noticed a wizard
  9654 | D:10     | Killed from afar by a wizard

Skill      XL: |  1  2  3  4  5  6  7  8  9 10 11 |
---------------+----------------------------------+-----
Polearms       | 4 6 7 8 10 12 14 16 | 16.4
Fighting       | 4 5 7 9 10 | 10.0
Stealth        | 2 3 |  3.2
Armour         | 2 3 4 5 6 8 9 |  9.1
Shields        | 1 |  1.5
Dodging        | 4 5 |  5.6
Throwing       | 1 |  1.8
Invocations    | 1 2 3 |  3.0

Action                   |  1- 3 |  4- 6 |  7- 9 | 10-12 || total
-------------------------+-------+-------+-------+-------++-------
Melee: Spear             |    75 |    61 |       |       ||   136
       Headbutt          |    10 |    10 |    25 |    18 ||    63
       Scythe            |       |    45 |   117 |       ||   162
       Bardiche          |       |       |    66 |   166 ||   232
Throw: Stone             |     7 |     5 |    25 |    24 ||    61
Invok: Heroism           |       |     1 |     2 |     4 ||     7
       Finesse           |       |       |       |     1 ||     1
  Use: Scroll            |     1 |     7 |     6 |     3 ||    17
       Potion            |     1 |     2 |     1 |     1 ||     5
 Stab: Sleeping          |     4 |       |     1 |       ||     5
  Eat: Chunk             |     2 |     5 |    10 |     8 ||    25
       Ration            |       |       |     1 |       ||     1
Armor: Robe              |     2 |       |       |       ||     2
       Ring mail         |     2 |    14 |       |       ||    16
       Leather armour    |     2 |       |       |       ||     2
       Scale mail        |       |    16 |    17 |       ||    33
       Acid dragon scale |       |       |    17 |       ||    17
       Plate armour      |       |       |     3 |    97 ||   100
Dodge: Dodged            |    23 |    49 |    92 |    75 ||   239
       Deflected         |       |       |     9 |     8 ||    17
Block: Buckler           |     3 |     5 |       |       ||     8
